 Dungeon Crawl Stone Soup version 0.28.0-45-g0d030f2227 (webtiles) character file.

Game seed: 9010032110837075402

20 Kziril the Skirmisher (level 2, -16/19 HPs)
             Began as a Gargoyle Fighter on Apr 21, 2022.
             Killed from afar by an oklob plant (29 damage)
             ... with a splash of acid
             ... created by the enmity of Fedhas Madash
             ... on level 1 of the Dungeon.
             The game lasted 00:01:40 (479 turns).

Kziril the Skirmisher (Gargoyle Fighter)             Turns: 479, Time: 00:01:41

Health: -16/19     AC:  6    Str: 19    XL:     2   Next: 79%
Magic:  2/2        EV:  9    Int:  8    God:
Gold:   30         SH:  4    Dex:  9    Spells: 1/1 levels left

rFire   . . .      SeeInvis .   a - +0 flail
rCold   . . .      Faith    .   c - +0 buckler
rNeg    + . .      Spirit   .   b - +0 scale mail
rPois   ∞          Reflect  .   h - +0 helmet
rElec   +          Harm     .   (no cloak)
rCorr   .          Rampage  .   (no gloves)
Will    .....                   (no boots)
Stlth   ..........              (no amulet)
HPRegen 0.06/turn               (no ring)
MPRegen 0.08/turn               (no ring)

@: corroded
A: sickness immunity, AC +2, negative energy resistance 1, electricity
resistance, torment resistance 1, petrification resistance
a: no special abilities


You were on level 1 of the Dungeon.
You visited 1 branch of the dungeon, and saw 2 of its levels.

You collected 30 gold pieces.

Inventory:

Hand Weapons
 a - a +0 flail (weapon)
Armour
 b - a +0 scale mail (worn)
 c - a +0 buckler (worn)
 h - a +0 helmet (worn)
Scrolls
 f - a scroll of identify {unknown}
 g - a scroll of fear {unknown}
 i - a scroll of amnesia {unknown}
Potions
 d - a potion of might
 e - a potion of curing {unknown}


   Skills:
 + Level 3.6 Fighting
 + Level 2.3 Maces & Flails
 + Level 3.5 Armour
 + Level 3.5 Shields


You had one spell level left.
You didn't know any spells.
Your spell library was empty.

Dungeon Overview and Level Annotations

Branches:
Dungeon (2/15)

Altars:
Fedhas

Annotations:
D:1 exclusion: 2 oklob plants


Innate Abilities, Weirdness & Mutations

You are immune to sickness and miasma.
Your stone body is resilient. (AC +2)
You are immune to poison.
You resist negative energy. (rN+)
You are resistant to electric shocks. (rElec)
You are resistant to unholy torment.
You are immune to petrification.


Message History

The ball python is moderately wounded.
The ball python barely misses you. The ball python constricts you.
The ball python bites you but does no damage.
The ball python constricts you.
You hit the ball python.
You kill the ball python!
You closely miss the goblin.
The goblin hits you but does no damage. x2
You sock the goblin!
You kill the goblin!
Things that are here:
a +0 dagger; a goblin corpse; a ball python corpse
There is an open door, spattered with blood here.
You see here a bat corpse.
Plants grow around you in an ominous manner.
Marking area around 2 oklob plants as unsafe for travelling. 2 oklob plants come into view.
You hit the oklob plant.
The oklob plant is lightly damaged.
You thump the oklob plant!
The oklob plant is moderately damaged.
You hit the oklob plant but do no damage.
The oklob plant is moderately damaged.
The oklob plant spits acid at you. The splash of acid misses you.
You hit the oklob plant but do no damage.
The oklob plant is moderately damaged.
You hit the oklob plant.
The oklob plant is moderately damaged.
You hit the oklob plant.
The oklob plant is moderately damaged.
The oklob plant spits acid at you. The splash of acid hits you.
The acid corrodes you!
You hit the oklob plant but do no damage.
The oklob plant is moderately damaged.
You hit the oklob plant but do no damage.
The oklob plant is moderately damaged.
The oklob plant spits acid at you. The splash of acid hits you!!
Ouch! That really hurt!
You die...

########## #........#
#####........#
.............##
####..........# .
#..........############ .
#..........#.P........#
.###..........#.@........#
.##...........+..........#
..#.#####.#####..........#
.........># #P.........#
..#.......# #..........#
..#..####.# #..........#
.##..## #.# #..........#
......# #.# #..........#
####..# #.# #..........#


You could see 2 oklob plants.

Vanquished Creatures
  A ball python (D:1)
  An endoplasm (D:1)
  A giant cockroach (D:1)
  3 goblins (D:1)
  2 hobgoblins (D:1)
  A quokka (D:1)
  4 bats (D:1)
  4 frilled lizards (D:1)
  2 rats (D:1)
19 creatures vanquished.

Notes
Turn   | Place    | Note
-------+----------+-------------------------------------------
     0 | D:1      | Kziril the Gargoyle Fighter began the quest for the Orb.
     0 | D:1      | Reached XP level 1. HP: 14/14 MP: 1/1
   299 | D:1      | Reached XP level 2. HP: 19/19 MP: 2/2
   331 | D:1      | Found a faded altar of an unknown god.
   391 | D:1      | Prayed at the altar of an unknown god.
   391 | D:1      | Became a worshipper of Fedhas Madash
   391 | D:1      | Reached * piety under Fedhas
   392 | D:1      | Fell from the grace of Fedhas
   471 | D:1      | Noticed an oklob plant
   471 | D:1      | Noticed an oklob plant
   479 | D:1      | Killed from afar by an oklob plant

Illustrated notes

Levels and vault maps discovered:
D:1:      lemuel_arrival_funnel, layout_basic,
          hellmonk_ecumenical_altar_arch_garden
D:2:      kennysheep_the_goblin_king, layout_loops_ring, minmay_split_cup_small

Action                   || total
-------------------------++-------
Melee: Flail             ||    68
Invok: Renounce Religion ||     1
Armor: Scale mail        ||    40
Dodge: Dodged            ||    41
Block: Buckler           ||    19
